 Dungeon Crawl Stone Soup version 0.18-a0-1560-ge216ca8 (webtiles) character file.

198 Sixotanaka the Chiller (level 5, -4/31 HPs)
             Began as an Octopode Ice Elementalist on Mar 12, 2016.
             Slain by a scorpion (6 damage)
             ... on level 4 of the Dungeon.
             The game lasted 00:06:12 (3911 turns).

Sixotanaka the Chiller (Octopode Ice Elementalist)  Turns: 3911, Time: 00:06:12

Health: -4/31      AC:  1    Str:  7    XL:     5   Next: 77%
Magic:  0/8        EV: 12    Int: 19    God:
Gold:   142        SH:  0    Dex: 12    Spells: 3 memorised, 1 level left

rFire  . . .     SeeInvis .     i - +0 dagger (venom)
rCold  . . .     Gourm    .     (no shield)
rNeg   . . .     Faith    .     (helmet restricted)
rPois  .         Spirit   .     (no amulet)
rElec  .         Dismiss  .     (no ring)
rCorr  .         Reflect  .     (no ring)
SustAt .         Harm     .     (no ring)
MR     .....                    (no ring)
Stlth  +++.......               (no ring)
                                (no ring)
                                (no ring)
                                (no ring)

@: lethally poisoned (-4 -> -9), very slightly contaminated, not resistant to
hostile enchantments, fairly stealthy
A: almost no armour, amphibious, 8 rings, constrict 8, camouflage 1, gelatinous
body 1
a: no special abilities


You were on level 4 of the Dungeon.
You were hungry.

You visited 1 branch of the dungeon, and saw 4 of its levels.

You collected 142 gold pieces.


Innate Abilities, Weirdness & Mutations

You cannot wear most types of armour.
You are amphibious.
You can wear up to eight rings at the same time.
You can use your tentacles to constrict eight enemies at once.
Your skin changes colour to match your surroundings (Stealth).
Your rubbery body absorbs attacks (AC +1).


   Skills:
 - Level 2.0 Dodging
 - Level 2.6 Stealth
 - Level 2.0 Spellcasting
 - Level 1.0 Conjurations
 + Level 6.2 Ice Magic


You had one spell level left.
You knew the following spells:

 Your Spells              Type           Power        Failure   Level  Hunger
c - Summon Ice Beast      Ice/Summ       ##......     50%         4    #####..
x - Throw Frost           Conj/Ice       ###...       8%          2    ###....
z - Freeze                Ice            ####         1%          1    #......


Dungeon Overview and Level Annotations

Branches:
Dungeon (4/15)
 Temple: D:4-7

Altars:
Fedhas
Okawaru
Qazlal

Inventory:

Hand Weapons
 i - a +0 dagger of venom (weapon)
   (You took it off a goblin on level 2 of the Dungeon)
 s - a +0 whip of draining
   (You found it on level 3 of the Dungeon)
Missiles
 l - 18 poisoned needles
Armour
 e - a +2 buckler
Wands
 n - a wand of random effects (12/48)
Scrolls
 d - 3 scrolls of teleportation {unknown}
 f - a scroll of identify {unknown}
 g - 2 scrolls of recharging {unknown}
 h - 2 scrolls of remove curse {unknown}
 m - a scroll of fog {unknown}
 p - a scroll of fear {unknown}
 q - a scroll of immolation {unknown}
 t - a scroll of noise {unknown}
 v - a scroll of magic mapping {unknown}
Potions
 c - a potion of heal wounds {unknown}
 k - a potion of lignification {unknown}
 o - a potion of degeneration {unknown}
 r - a potion of resistance {unknown}
Books
 a - a book of Frost
Comestibles
 b - 2 bread rations
 u - a slice of pizza

#(.#.....#
#######.####..##
##....#..# ##
##......<##
#.........###
##...........#
#...........##
#.....s....##
#...###@..### ###
#E#...#E# ####...####
#.........## ###
#...._.....# ..####
#..........#
.....###########...###.#
.............#E#...#E#.#
.<...........###...###.#


You could see an earth elemental, a water elemental, a fire elemental, an air
elemental (dormant) and a scorpion.


Message History

A scorpion comes into view.
The adder barely misses you.
Casting: Freeze
Aiming: Freeze
Aim: an adder You freeze the adder.
The adder bites you.
You are poisoned.
The adder poisons you! The adder bites you.
Casting: Freeze
Aiming: Freeze
Aim: an adder (almost dead)
You freeze the adder.
You kill the adder!
You feel sick.
Casting: Freeze
Aiming: Throw Frost
Aim: a scorpion The puff of frost misses the scorpion.
Casting: Throw Frost
Aiming: Throw Frost
Aim: a scorpion The puff of frost misses the scorpion.
You feel sick.
Casting: Throw Frost
Aiming: Freeze
Aim: a scorpion You freeze the scorpion.
The scorpion stings you!
* * * LOW HITPOINT WARNING * * *
You are lethally poisoned!
The scorpion poisons you!
* * * LOW HITPOINT WARNING * * *
You feel sick.
Drink which item? (? for menu, Esc to quit)
It was a potion of curing.
You feel better. The scorpion closely misses you.
There is a stone staircase leading up here.
You see here an adder skeleton.
Casting: Freeze
Aiming: Freeze
Aim: a scorpion (heavily wounded)
You miscast Freeze.
You are very lightly contaminated with residual magic.
Nothing appears to happen.
The scorpion stings you.
Casting: Freeze
Aiming: Freeze
Aim: a scorpion (heavily wounded)
You freeze the scorpion. The scorpion stings you!
* * * LOW HITPOINT WARNING * * *
You are poisoned.
The scorpion poisons you!
* * * LOW HITPOINT WARNING * * *
You feel sick.
* * * LOW HITPOINT WARNING * * *
You feel sick.
Drink which item? (? for menu, Esc to quit)
You feel better. The scorpion stings you.
* * * LOW HITPOINT WARNING * * *
You are poisoned.
The scorpion poisons you!
Wield which item (- for none, * to show all)? (? for menu, Esc to quit)
It begins to drip with poison!
i - a +0 dagger of venom (weapon)
You feel sick. The scorpion stings you.
* * * LOW HITPOINT WARNING * * *
You hit the scorpion. Your grab misses the scorpion. You squeeze the scorpion.
The scorpion stings you.
* * * LOW HITPOINT WARNING * * *
You hit the scorpion but do no damage.
The scorpion is poisoned.
Your grab misses the scorpion. Your squeeze misses the scorpion.
* * * LOW HITPOINT WARNING * * *
You feel sick. The scorpion stings you.
You die...

Action                   |  1- 3 |  4- 6 || total
-------------------------+-------+-------++-------
Melee: Short sword       |    16 |     8 ||    24
       Dagger            |       |    34 ||    34
       Whip              |       |     5 ||     5
 Cast: Freeze            |    17 |    57 ||    74
       Throw Frost       |     2 |    11 ||    13
  Use: Potion            |       |     2 ||     2
 Stab: Sleeping          |     5 |     8 ||    13
  Eat: Meat ration       |     1 |       ||     1
       Chunk             |       |     5 ||     5

Vault maps used:
D:1:      dpeg_arrival_chase
D:2:      lemuel_doored_altar, uniq_jessica
D:3:      first_bread, st_stairs_12, corexii_hall_statues_i,
          okawaru_metal_pillars_1_2, uniq_iyjb
D:4:      nicolae_qazlal_style_of_elements

Notes
Turn   | Place    | Note
--------------------------------------------------------------
     0 | D:1      | Sixotanaka the Octopode Ice Elementalist began the quest for the Orb.
     0 | D:1      | Reached XP level 1. HP: 11/11 MP: 3/3
   232 | D:1      | Reached XP level 2. HP: 6/17 MP: 0/5
   908 | D:2      | Noticed Jessica
   914 | D:2      | Learned a level 2 spell: Throw Frost
   921 | D:2      | Killed Jessica
   921 | D:2      | Reached skill level 4 in Ice Magic
   921 | D:2      | Reached XP level 3. HP: 21/21 MP: 0/6
  1043 | D:2      | Reached XP level 4. HP: 23/27 MP: 7/7
  1441 | D:2      | Reached skill level 5 in Ice Magic
  2069 | D:2      | Found a blossoming altar of Fedhas.
  2544 | D:3      | Noticed Ijyb
  2558 | D:2      | Reached XP level 5. HP: 26/31 MP: 1/8
  2562 | D:2      | Killed Ijyb
  2704 | D:3      | Found an iron altar of Okawaru.
  3006 | D:3      | Reached skill level 6 in Ice Magic
  3221 | D:3      | Learned a level 4 spell: Summon Ice Beast
  3853 | D:4      | Noticed a water elemental
  3855 | D:4      | Found a stormy altar of Qazlal.
  3862 | D:4      | Noticed an air elemental
  3865 | D:4      | Noticed a fire elemental
  3909 | D:4      | HP: 7/31 [scorpion (1)]
  3910 | D:4      | HP: 3/31 [scorpion (4)]
  3911 | D:4      | Slain by a scorpion

Vanquished Creatures
  Jessica (D:2)
  Ijyb (D:2)
  7 adders
  An ooze (D:2)
  2 worms (D:3)
  2 dart slugs (D:1)
  A giant gecko (D:2)
  An orc (D:3)
  4 giant cockroaches
  6 goblins
  8 hobgoblins
  8 jackals
  6 kobolds
  2 quokkas
  2 ball pythons
  8 bats
  2 giant newts (D:2)
  7 rats
69 creatures vanquished.
